Map: Odyssey LE

Players

Metasapien

  • Race: Zerg Zerg
  • League: Platinum
  • Spawn Location: 11:00

Cheater 1 (Resources) - Winner!

  • Race: Protoss Protoss
  • Spawn Location: 5:00

VOD

Have the link to the VOD?

Description

Time

  • Played on: Sept. 24, 2017, 10:21 p.m.
  • Length: 12:03
Show
View Real Time Build Order
Export as new Build Order

Metasapien Zerg 

Build Orders: Hatch First 

Get SALT Encoding   

  12  0:03  Drone  
  13  0:25  Overlord  
  13  0:41  Drone  
  14  0:47  Hatchery  
  14  0:48  Drone  
  14  0:53  Drone  
  14  0:55  Drone  
  16  1:02  Extractor  
  16  1:03  Drone  
  16  1:19  Spawning Pool  
  15  1:32  Drone x2  
  17  1:41  Drone  
  18  1:52  Drone  
  19  1:58  Drone  
  20  2:01  Overlord  
  20  2:09  Drone  
  21  2:27  Queen  
  21  2:28  Hatchery  
  22  2:30  Drone  
  22  2:32  Drone  
  24  2:43  Drone  
  24  2:44  Drone x2  
  27  2:47  Extractor  
  27  2:48  Drone  
  27  2:51  Queen  
  27  2:55  Drone  
  30  2:58  Overlord  
  30  3:04  Drone  
  31  3:09  Extractor  
  30  3:13  Drone  
  30  3:16  Zergling x2  
  32  3:27  Drone  
  32  3:31  Overlord  
  32  3:33  Lair  
  33  3:38  Roach Warren  
  33  3:40  Pneumatized Carapace  
  32  3:42  Drone  
  32  3:45  Queen  
  35  3:49  Drone x2  
  35  3:51  Drone x4  
  41  3:55  Drone  
  41  4:00  Drone  
  41  4:01  Drone x2  
  41  4:02  Drone x2  
  46  4:19  Drone x2  
  46  4:22  Burrow  
  48  4:29  Queen  
  50  4:32  Roach x4  
  50  4:33  Overlord x3  
  50  4:38  Overlord x2  
  58  4:42  Overlord x3  
  58  4:57  Roach x6  
  70  5:05  Drone x2  
  72  5:11  Drone x5  
  77  5:26  Infestation Pit  
  77  5:27  Queen  
  77  5:28  Glial Reconstitution  
  78  5:30  Hydralisk Den  
  78  5:31  Drone  
  78  5:32  Drone  
  78  5:35  Hatchery  
  78  5:36  Spine Crawler  
  78  5:37  Spine Crawler  
  78  5:39  Drone, Spore Crawler  
  76  5:44  Drone  
  76  5:45  Drone x2  
  76  5:48  Drone, Extractor  
  76  5:49  Drone, Extractor  
  81  5:50  Roach x5  
  81  5:53  Zergling x4  
  91  6:03  Baneling Nest  
  91  6:04  Hydralisk x2  
  94  6:19  Drone x3  
  94  6:20  Drone x2  
  94  6:21  Drone  
  94  6:22  Drone  
  94  6:23  Hydralisk x2  
  94  6:24  Roach x2  
  109  6:26  Zergling x2  
  110  6:35  Drone x2  
  112  6:40  Hydralisk  
  112  6:43  Roach  
  112  6:45  Overlord  
  116  6:47  Overlord x2  
  116  6:49  Overlord x2  
  116  6:50  Overlord  
  116  6:56  Queen x2  
  116  6:58  Queen  
  122  7:02  Zergling x12  
  122  7:04  Centrifical Hooks  
  128  7:10  Drone  
  128  7:14  Evolution Chamber  
  128  7:15  Evolution Chamber  
  128  7:16  Drone  
  128  7:22  Overseer  
  128  7:27  Queen  
  130  7:30  Muscular Augments  
  130  7:35  Metabolic Boost  
  130  7:46  Baneling x8  
  130  7:47  Baneling x10  
  130  7:50  Roach x2  
  130  7:51  Roach x4  
  142  8:02  Drone x5  
  142  8:03  Drone x2  
  149  8:06  Overseer  
  149  8:11  Extractor  
  148  8:14  Drone x3, Extractor  
  150  8:22  Overlord x3  
  150  8:23  Overlord x2  
  150  8:30  Zerg Ground Armor Level 1, Zerg Missile Weapons Level 1  
  150  8:38  Hatchery  
  149  8:47  Hydralisk  
  149  8:48  Hydralisk x4  
  151  8:49  Drone, Infestor  
  151  8:54  Hive  
  162  8:58  Drone  
  162  8:59  Drone x2  
  162  9:00  Drone x3  
  167  9:12  Spine Crawler  
  167  9:13  Spine Crawler  
  167  9:14  Spine Crawler  
  167  9:15  Spore Crawler  
  150  9:22  Zergling x4  
  150  9:23  Roach x2, Zergling x10, Hydralisk x3  
  150  9:24  Roach x2  
  129  9:37  Hydralisk  
  129  9:38  Hydralisk x4  
  113  9:39  Roach  
  105  9:59  Zergling x2  
  108  10:00  Zergling x16  
  103  10:11  Zergling x2  
  103  10:12  Zergling x10  
  85  10:27  Viper  
  85  10:28  Viper x2  
  89  10:32  Queen  
  89  10:34  Queen  
  93  10:37  Zergling x2  
  93  10:38  Hydralisk x5  
  93  10:42  Baneling x3  
  106  10:43  Baneling  
  106  10:45  Zergling x2  
  101  11:11  Ultralisk Cavern  
  100  11:19  Drone x3  
  100  11:24  Extractor  
  100  11:25  Extractor  
  101  11:35  Hatchery  
Show
View Real Time Build Order
Export as new Build Order

Cheater 1 (Resources) Protoss - Winner!

Build Orders: Colossus Rush 

Get SALT Encoding   

  12  0:01  Probe (Chrono Boost)  
  13  0:11  Probe (Chrono Boost)  
  14  0:20  Pylon  
  14  0:22  Probe (Chrono Boost)  
  15  0:38  Probe (Chrono Boost)  
  16  0:47  Assimilator  
  16  0:48  Probe (Chrono Boost)  
  17  0:50  Gateway  
  17  0:59  Probe (Chrono Boost)  
  17  1:01  Pylon  
  18  1:10  Probe (Chrono Boost)  
  19  1:20  Probe (Chrono Boost)  
  20  1:31  Probe (Chrono Boost)  
  21  1:36  Zealot  
  21  1:39  Cybernetics Core  
  23  1:42  Probe (Chrono Boost)  
  24  1:54  Probe (Chrono Boost)  
  25  1:57  Nexus  
  25  2:04  Probe (Chrono Boost)  
  26  2:10  Warp Gate  
  26  2:14  Stalker  
  27  2:16  Probe (Chrono Boost)  
  29  2:26  Pylon  
  29  2:28  Probe (Chrono Boost)  
  30  2:36  Gateway  
  30  2:40  Probe (Chrono Boost), Assimilator  
  31  2:47  Adept  
  34  2:51  Probe (Chrono Boost)  
  34  2:56  Pylon  
  34  3:03  Probe (Chrono Boost)  
  35  3:10  Probe (Chrono Boost)  
  36  3:13  Adept  
  36  3:14  Probe (Chrono Boost)  
  39  3:21  Probe (Chrono Boost)  
  39  3:25  Adept, Robotics Facility  
  40  3:30  Probe (Chrono Boost)  
  40  3:33  Probe (Chrono Boost)  
  44  3:39  Adept  
  47  3:41  Probe (Chrono Boost)  
  47  3:44  Probe (Chrono Boost)  
  48  3:51  Adept  
  48  3:53  Probe (Chrono Boost)  
  52  3:55  Probe (Chrono Boost)  
  52  4:04  Probe (Chrono Boost)  
  52  4:05  Adept  
  52  4:07  Probe (Chrono Boost)  
  56  4:12  Pylon  
  56  4:13  Observer  
  56  4:15  Probe (Chrono Boost), Robotics Bay  
  58  4:18  Probe (Chrono Boost)  
  59  4:26  Probe (Chrono Boost)  
  59  4:27  Pylon  
  59  4:30  Robotics Facility  
  60  4:36  Probe (Chrono Boost), Pylon  
  60  4:37  Stalker  
  60  4:38  Probe (Chrono Boost)  
  64  4:45  Stalker  
  66  4:55  Gateway  
  66  5:01  Pylon, Zealot  
  66  5:05  Zealot  
  70  5:10  Colossus  
  70  5:17  Pylon  
  70  5:18  Zealot  
  70  5:20  Probe x2 (Chrono Boost)  
  80  5:21  Assimilator  
  80  5:23  Assimilator  
  80  5:24  Adept  
  82  5:37  Zealot  
  82  5:40  Forge  
  82  5:42  Zealot  
  86  5:46  Probe (Chrono Boost), Pylon, Nexus  
  86  5:47  Probe (Chrono Boost)  
  86  5:49  Stalker  
  90  5:55  Zealot  
  93  5:57  Probe (Chrono Boost)  
  93  5:59  Probe (Chrono Boost)  
  93  6:01  Zealot  
  93  6:03  Immortal  
  96  6:08  Probe (Chrono Boost)  
  96  6:09  Protoss Ground Weapons Level 1  
  96  6:10  Pylon  
  101  6:11  Sentry  
  101  6:14  Stalker  
  105  6:20  Zealot  
  107  6:27  Immortal  
  107  6:30  Pylon  
  111  6:33  Stalker  
  111  6:36  Zealot  
  115  6:40  Zealot  
  117  6:51  Pylon  
  117  6:54  Zealot  
  117  6:55  Immortal, Zealot  
  117  6:59  Forge, Zealot  
  117  7:00  Probe x3 (Chrono Boost)  
  130  7:02  Immortal  
  134  7:11  Probe (Chrono Boost)  
  134  7:12  Probe (Chrono Boost)  
  134  7:13  Probe (Chrono Boost), Assimilator  
  134  7:14  Zealot x2  
  141  7:18  Pylon  
  141  7:19  Sentry  
  141  7:22  Twilight Council, Probe (Chrono Boost)  
  144  7:24  Protoss Ground Armor Level 1  
  144  7:28  Pylon  
  144  7:30  Pylon  
  144  7:31  Colossus, Probe (Chrono Boost)  
  144  7:32  Probe (Chrono Boost)  
  144  7:34  Probe (Chrono Boost)  
  153  7:41  Colossus  
  153  7:42  Gateway  
  153  7:43  Probe (Chrono Boost)  
  154  7:45  Probe (Chrono Boost)  
  154  7:47  Probe (Chrono Boost)  
  162  7:52  Charge  
  162  7:54  Probe (Chrono Boost), Pylon  
  162  7:56  Probe (Chrono Boost)  
  165  7:58  Probe (Chrono Boost)  
  165  8:08  Colossus  
  165  8:12  Assimilator  
  165  8:14  Pylon  
  165  8:23  Immortal  
  165  8:24  Photon Cannon  
  165  8:26  Photon Cannon  
  169  8:29  Pylon  
  169  8:30  Extended Thermal Lance  
  169  8:32  Warp Prism  
  170  8:34  Probe (Chrono Boost)  
  170  8:35  Probe (Chrono Boost)  
  173  8:41  Pylon  
  173  8:45  Protoss Ground Weapons Level 2  
  173  8:55  Photon Cannon  
  173  8:56  Photon Cannon  
  173  8:57  Photon Cannon  
  173  9:00  Observer  
  174  9:06  Immortal  
  174  9:09  Nexus  
  172  9:19  Stalker, Zealot  
  172  9:20  Warp Prism, Zealot x2  
  126  9:39  Adept x2, Sentry  
  126  9:41  Zealot  
  126  9:43  Immortal  
  136  9:53  Disruptor  
  136  9:54  Photon Cannon  
  136  9:56  Photon Cannon  
  136  9:57  Stalker  
  136  9:58  Zealot  
  141  10:01  Photon Cannon, Stalker, Zealot  
  139  10:17  Adept  
  139  10:19  Zealot  
  139  10:20  Adept  
  145  10:21  Observer  
  145  10:22  Sentry  
  145  10:24  Gateway  
  145  10:25  Colossus  
  148  10:28  Assimilator  
  148  10:32  Nexus, Pylon  
  148  10:34  Assimilator  
  154  10:36  Photon Cannon, Stalker  
  154  10:39  Disruptor, Stalker  
  161  10:52  Stalker x2  
  161  10:53  Photon Cannon  
  165  10:57  Stalker  
  165  10:59  Robotics Facility  
  165  11:00  Stalker  
  165  11:02  Pylon  
  169  11:13  Adept, Sentry  
  169  11:16  Gateway, Disruptor  
  179  11:19  Zealot  
  184  11:27  Sentry  
  184  11:28  Stalker  
  188  11:33  Stalker  
  190  11:46  Stalker  
  195  11:47  Stalker  
  195  11:52  Stalker  
  195  11:54  Pylon  
  198  11:58  Assimilator  
  196  12:01  Assimilator  
  196  12:02  Nexus  
Tags
 
Add a new tag
Caveats
  • Supply blocks, unpowered buildings, or Contaminate may cause inaccurate times.
  • Supply counts are checked every 10 seconds.